 Dungeon Crawl Stone Soup version 0.26.1-2-gb8aa6d0cf2 (webtiles) character file.

Game seed: 14721268228574943916

91 FishyPogo the Insei (level 4, -1/32 HPs)
             Began as a Demonspawn Transmuter on Mar 2, 2021.
             Slain by a gnoll
             ... wielding a +0 club
              (7 damage)
             ... on level 3 of the Dungeon.
             The game lasted 00:04:32 (2129 turns).

FishyPogo the Insei (Demonspawn Transmuter)         Turns: 2129, Time: 00:04:32

Health: -1/32      AC:  2    Str: 10    XL:     4   Next: 33%
Magic:  6/7        EV: 12    Int: 15    God:
Gold:   49         SH:  0    Dex: 14    Spells: 1/7 levels left

rFire    . . .     SeeInvis .     - Unarmed
rCold    . . .     Faith    .   (no shield)
rNeg     . . .     Spirit   .   a - +0 robe
rPois    .         Reflect  .   (helmet currently unavailable)
rElec    .         Harm     .   (no cloak)
rCorr    .         Rampage  .   (no gloves)
Will     .....                  (boots currently unavailable)
Stlth    +.........             (no amulet)
HPRegen  0.10/turn              (no ring)
MPRegen  0.10/turn              (no ring)

@: appendages (expiring)
A: horns 2, talons 2
a: End Transformation


You were on level 3 of the Dungeon.
You had grown temporary horns.
You visited 1 branch of the dungeon, and saw 3 of its levels.

You collected 49 gold pieces.

Inventory:

Missiles
 d - 52 stones
Armour
 a - a +0 robe (worn)
Jewellery
 e - an uncursed amulet of faith
Wands
 h - a wand of acid (11)
Scrolls
 b - a scroll of remove curse {unknown}
 c - 2 scrolls of identify {unknown}
 i - a scroll of immolation {unknown}
 j - a scroll of magic mapping {unknown}
Potions
 f - a potion of curing {unknown}
 g - a potion of cancellation {unknown}
 k - a potion of heal wounds {unknown}


   Skills:
 - Level 1.0 Fighting
 - Level 2.0 Dodging
 * Level 3.8 Unarmed Combat
 - Level 2.0 Spellcasting
 * Level 3.1 Transmutations


You had one spell level left.
You knew the following spells:

 Your Spells              Type           Power        Failure   Level
s - Spider Form           Tmut/Pois      3%           34%         3
u - Wereblood             Tmut           10%          10%         2
y - Beastly Appendage     Tmut           20%          6%          1

Your spell library contained the following spells:

 Spells                   Type           Power        Failure   Level
 Ice Form                 Ice/Tmut       6%           75%         4
 Blade Hands              Tmut           5%           86%         5


Dungeon Overview and Level Annotations

Branches:
Dungeon (3/15)

Altars:
Qazlal


Innate Abilities, Weirdness & Mutations

You have razor-sharp toenails.
You have a pair of horns on your head.


Message History

Your horns disappear.
You hit the gnoll.
The gnoll is moderately wounded.
The gnoll closely misses you.
You barely miss the gnoll. You punch the gnoll.
The gnoll is heavily wounded.
The gnoll hits you with a +0 club!
* * * LOW HITPOINT WARNING * * *
You hit the gnoll.
The gnoll is heavily wounded.
You closely miss the gnoll. You claw the gnoll.
The gnoll is severely wounded.
The gnoll hits you with a +0 club.
* * * LOW HITPOINT WARNING * * *
Casting: Beastly Appendage (safe; 6% risk of failure)
Confirm with . or Enter, or press ? or * to list all spells.
You grow a pair of large bovine horns.
Your transformation is almost over.
The gnoll hits you with a +0 club!
You die...

##.#
####..##
......#
##.....##
#.....[.#
#.....#
#.<..#
##g#.#
#@# # #.#
#.. ###.
.. .# .#
#


You could see a gnoll.

Vanquished Creatures
  2 gnolls
  2 adders (D:2)
  A dart slug (D:2)
  A leopard gecko (D:2)
  14 giant cockroaches
  2 goblins
  5 hobgoblins
  2 ball pythons (D:2)
  6 bats
  2 frilled lizards (D:2)
  9 kobolds
  4 rats
50 creatures vanquished.

Notes
Turn   | Place    | Note
-------+----------+-------------------------------------------
     0 | D:1      | FishyPogo the Demonspawn Transmuter began the quest for the
                  | Orb.
     0 | D:1      | Reached XP level 1. HP: 15/15 MP: 3/3
   338 | D:1      | Mutation became permanent: You have sharp toenails.
                  | [demonic ancestry]
   338 | D:1      | Gained mutation: You have razor-sharp toenails. [demonic
                  | ancestry]
   338 | D:1      | Reached XP level 2. HP: 16/21 MP: 3/5
   342 | D:1      | Learned a level 2 spell: Wereblood
   769 | D:3      | Noticed a centaur
   919 | D:2      | Reached XP level 3. HP: 26/26 MP: 4/6
   991 | D:2      | Learned a level 3 spell: Spider Form
  1187 | D:2      | Noticed a fire elemental
  1189 | D:2      | Found a stormy altar of Qazlal.
  1190 | D:2      | Noticed a water elemental
  1190 | D:2      | Noticed an earth elemental
  1190 | D:2      | Noticed an air elemental
  1639 | D:2      | Gained mutation: You have razor-sharp toenails. [demonic
                  | ancestry]
  1639 | D:2      | Reached XP level 4. HP: 32/32 MP: 5/7
  2129 | D:3      | Slain by a gnoll

Illustrated notes

Levels and vault maps discovered:
D:1:      minmay_arrival_doors, layout_loops_ring, minmay_misc_feat_alley
D:2:      minmay_roachtagon, layout_rooms, nicolae_qazlal_style_of_elements
D:3:      layout_loops_ring, gammafunk_temple_overflow_forgotten

Skill      XL: |  1  2  3  4 |
---------------+-------------+-----
Dodging        | 2 |  2.0
Transmutations | 2 3 |  3.1
Unarmed Combat | 3 |  3.8
Fighting       | |  1.0
Spellcasting   | |  2.0

Action                   |  1- 3 |  4- 6 || total
-------------------------+-------+-------++-------
Melee: Unarmed           |   115 |    24 ||   139
       Kick              |    22 |     3 ||    25
       Headbutt          |     9 |     1 ||    10
       Punch             |     1 |     1 ||     2
 Cast: Beastly Appendage |    23 |     4 ||    27
       Wereblood         |     2 |       ||     2
 Stab: Sleeping          |     1 |       ||     1
Armor: Robe              |    25 |       ||    25
Dodge: Dodged            |   100 |    20 ||   120
